 Dungeon Crawl Stone Soup version 0.30-a0-728-gc68057be0a (webtiles) character file.

Game seed: 12649336413388431849

13 porpoise the Poker (level 2, -1/22 HPs)
             Began as a Demonspawn Gladiator on Feb 1, 2023.
             Slain by a kobold
             ... wielding a +1 short sword of holy wrath
              (2 damage)
             ... on level 1 of the Dungeon.
             The game lasted 00:01:46 (171 turns).

porpoise the Poker (Demonspawn Gladiator)            Turns: 171, Time: 00:01:46

Health: -1/22      AC:  4    Str: 14    XL:     2   Next: 24%
Magic:  2/2        EV: 12    Int:  9    God:
Gold:   52         SH:  0    Dex: 16    Spells: 1/1 levels left

rFire   . . .      SeeInvis .    a - +0 trident
rCold   . . .      Faith    .    (no shield)
rNeg    . . .      Spirit   .    b - +0 leather armour
rPois   .          Reflect  .    c - +0 helmet
rElec   .          Harm     .    (no cloak)
rCorr   .          Rampage  .    (no gloves)
Will    .....                    (no boots)
Stlth   ++                       (no amulet)
HPRegen 0.23/turn                (no ring)
MPRegen 0.08/turn                (no ring)

@: no status effects
A: thin skeletal structure 1
a: no special abilities


You were on level 1 of the Dungeon.
You visited 1 branch of the dungeon, and saw 1 of its levels.

You collected 52 gold pieces.

Inventory:

Hand Weapons
 a - a +0 trident (weapon)
Missiles
 d - 3 throwing nets (quivered)
 e - a javelin
Armour
 b - a +0 leather armour (worn)
 c - a +0 helmet (worn)
Scrolls
 f - a scroll of teleportation {unknown}


   Skills:
 + Level 2.3 Fighting
 * Level 3.2 Polearms
 - Level 1.7 Throwing
 - Level 2.6 Dodging


You had one spell level left.
You didn't know any spells.
Your spell library was empty.

Dungeon Overview and Level Annotations

Branches:
Dungeon (1/15)

Altars:


Innate Abilities, Weirdness & Mutations

You have a somewhat thin skeletal structure. (Dex +2, Stealth+)


Message History

The endoplasm quivers.
You hear a shout!
The endoplasm moves out of view.
You reach to attack!
You hit the endoplasm.
The endoplasm is almost dead.
A bat comes into view.
The bat moves out of view.
You barely miss the endoplasm.
The endoplasm is almost dead.
The kobold hits you but does no damage. The endoplasm closely misses you. x2
The kobold hits you with a +1 short sword of holy wrath.
You convulse.
You hit the endoplasm.
You kill the endoplasm!
The dart slug launches a dart at you. The slug dart hits you.
The kobold hits you with a +1 short sword of holy wrath.
You convulse.
You are too injured to fight recklessly!
You are too injured to fight recklessly!
The kobold misses you.
You hit the dart slug.
The dart slug is moderately wounded.
The dart slug closely misses you.
The kobold hits you with a +1 short sword of holy wrath.
You convulse.
* * * LOW HITPOINT WARNING * * *
You hit the dart slug.
The dart slug is heavily wounded.
The bat hits you but does no damage. The kobold closely misses you.
The dart slug launches a dart at you. The slug dart misses you.
You completely miss the dart slug.
The dart slug is heavily wounded.
The bat hits you.
* * * LOW HITPOINT WARNING * * *
The kobold hits you with a +1 short sword of holy wrath.
* * * LOW HITPOINT WARNING * * *
You convulse.
You die...

.# . ... .# #. .#. #. .
. .#.##.. .. #. .#..#.#
##.####.##.##.#.#
......#....##.#.#
.......##.###...#
......w@...†.#..#
......bK.##.....#
..............#.##
......>..#.......####
............#.#.....##
........#...#.#.###..###
....?.............##...#
...=....#.#.............
..............#.


You could see a dart slug, a bat and a kobold.

Vanquished Creatures
  2 endoplasms (D:1)
  3 hobgoblins (D:1)
  4 jackals (D:1)
  A bat (D:1)
10 creatures vanquished.

Notes
Turn   | Place    | Note
-------+----------+-------------------------------------------
     0 | D:1      | porpoise the Demonspawn Gladiator began the quest for the
                  | Orb.
     0 | D:1      | Reached XP level 1. HP: 16/16 MP: 1/1
    55 | D:1      | Reached skill level 3 in Polearms
   100 | D:1      | Gained mutation: You have a somewhat thin skeletal
                  | structure. (Dex +2, Stealth+) [demonic ancestry]
   100 | D:1      | Reached XP level 2. HP: 22/22 MP: 2/2
   171 | D:1      | HP: 1/22 [kobold/+1 short sword of holy wrath (2)]
   171 | D:1      | Slain by a kobold

Illustrated notes

Levels and vault maps discovered:
D:1:      giann_bridges, layout_rooms, serial_shops,
          nicolae_shop_overgrown_old_shop, chequers_serial_rivers_room_b

Skill      XL: |  1 |
---------------+----+-----
Polearms       | 3 |  3.2
Fighting       | |  2.3
Throwing       | |  1.7
Dodging        | |  2.6

Action                     || total
---------------------------++-------
  Melee: Trident           ||    37
   Stab: Distracted        ||     1
 Armour: Leather armour    ||     8
  Dodge: Dodged            ||    21

Table legend: (Time is in decaauts)
 A = Elapsed time spent in this place.
 B = Non-inter-level travel time spent in this place.
 C = Inter-level travel time spent in this place.
 D = Time resting spent in this place.
 E = Time spent auto-exploring this place.
 F = Levels seen in this place.
 G = Mean time per level.
                   A        B        C        D        E       F      G
               +--------+--------+--------+--------+--------+-----+--------+
         Total |    176 |    176 |      0 |     21 |     85 |   1 |  176.0 |
       Dungeon |    176 |    176 |      0 |     21 |     85 |   1 |  176.0 |
               +--------+--------+--------+--------+--------+-----+--------+

Top non-repeatable levels by time:
     D:1: 176 daAuts
